 Dungeon Crawl Stone Soup version 0.27.0-1-g7a089689b8 (webtiles) character file.

Game seed: 17474014159929321059

93 shoop the Sneak (level 4, -10/27 (28) HPs)
             Began as a Kobold Delver on Aug 9, 2021.
             Was a Follower of Nemelex Xobeh.
             Mangled by Crazy Yiuf (20 damage)
             ... on level 2 of the Dungeon.
             The game lasted 00:07:55 (2072 turns).

shoop the Sneak (Kobold Delver)                     Turns: 2072, Time: 00:07:55

HP:   -10/27 (28)   AC:  5    Str: 10    XL:     4   Next: 92%
MP:   4/4           EV: 15    Int: 11    God:    Nemelex Xobeh [*.....]
Gold: 114           SH:  0    Dex: 22    Spells: 3/3 levels left

rFire    . . .     SeeInvis .   t - +0 dagger (vamp)
rCold    . . .     Faith    .   (shield restricted)
rNeg     . . .     Spirit   .   b - +0 leather armour
rPois    .         Reflect  .   j - +0 helmet
rElec    .         Harm     .   (no cloak)
rCorr    .         Rampage  .   (no gloves)
Will     .....                  k - +0 pair of boots
Stlth    +++++.....             (no amulet)
HPRegen  0.09/turn              q - +6 ring of dexterity
MPRegen  0.09/turn              (no ring)

@: lightly drained
A: small, no large weapons, nightstalker 3
a: Renounce Religion, Draw Escape, Draw Destruction, Draw Summoning


You were on level 2 of the Dungeon.
You worshipped Nemelex Xobeh.
Nemelex Xobeh was aware of your devotion.
You visited 1 branch of the dungeon, and saw 5 of its levels.

You collected 114 gold pieces.

Inventory:

Hand Weapons
 a - a +0 short sword
 l - a +0 dagger
 t - a +0 vampiric dagger (weapon)
Armour
 b - a +0 leather armour (worn)
 j - a +0 helmet (worn)
 k - a +0 pair of boots (worn)
Jewellery
 q - a +6 ring of dexterity (left hand)
Wands
 g - a wand of digging (3)
 h - a wand of polymorph (9)
Scrolls
 c - a scroll of fog
 d - 3 scrolls of magic mapping
 m - a scroll of identify {unknown}
Potions
 e - 3 potions of curing {unknown}
 f - a potion of haste
 i - 2 potions of heal wounds {unknown}
 n - a potion of attraction {unknown}
 o - a potion of might {unknown}
 p - 3 potions of lignification {unknown}
 r - a potion of invisibility {unknown}
 s - a potion of degeneration {unknown}


   Skills:
 - Level 3.2 Fighting
 * Level 6.2 Short Blades
 - Level 2.4 Dodging
 - Level 6.6 Stealth
 + Level 0.0 Evocations


You had 3 spell levels left.
You didn't know any spells.
Your spell library contained the following spells:

 Spells                   Type           Power      Damage    Failure   Level
 Summon Guardian Golem    Hex/Summ       0%         N/A       82%         3
 Orb of Destruction       Conj           0%         N/A       100%        7
 Spellforged Servitor     Conj/Summ      0%         N/A       100%        7


Dungeon Overview and Level Annotations

Branches:
Dungeon (5/15)
 Temple: D:4-7

Altars:
Nemelex Xobeh

Shops:
D:3 =

Annotations:
D:2 Crazy Yiuf


Innate Abilities, Weirdness & Mutations

You are small and have problems with some larger weapons.
You are completely attuned to the shadows.


Message History

Found a runed translucent door.
Found a mace.
You open the door.
There is an open translucent door here.
Crazy Yiuf shouts!
Crazy Yiuf completely misses you.
You hit Crazy Yiuf.
Crazy Yiuf is lightly wounded.
Crazy Yiuf misses you.
You hit Crazy Yiuf.
Crazy Yiuf is lightly wounded.
You hit Crazy Yiuf but do no damage.
Crazy Yiuf is lightly wounded.
Crazy Yiuf closely misses you.
You hit Crazy Yiuf but do no damage.
Crazy Yiuf is lightly wounded.
Crazy Yiuf misses you.
You barely miss Crazy Yiuf.
Crazy Yiuf is lightly wounded.
Crazy Yiuf cries, "You leg down broken song, no?"
Crazy Yiuf hits you with a +2 quarterstaff of chaos.
Crazy Yiuf burns you.
You hit Crazy Yiuf but do no damage.
Crazy Yiuf is lightly wounded.
You closely miss Crazy Yiuf.
Crazy Yiuf is lightly wounded.
Crazy Yiuf hits you but does no damage.
You hit Crazy Yiuf but do no damage.
Crazy Yiuf is lightly wounded.
Okay, then.
You hit Crazy Yiuf but do no damage.
Crazy Yiuf is lightly wounded.
Crazy Yiuf hits you with a +2 quarterstaff of chaos.
You feel drained.
You draw a card...
You have drawn the Swarm.
Crazy Yiuf hits you with a +2 quarterstaff of chaos!
You are electrocuted!!
Ouch! That really hurt!
You die...
Your body disappears without a glow.

##...#####
♣♣...♣
###...#...[#
♣♣.♣♣
#.....#....#
♣♣.♣
..###.#....#
♣.♣♣ ###
#.#....#
♣♣.♣ #
#.#....#
♣.♣♣
#.######
##'## #..#
#..y#
##.#####
#.@.#
#.#...#
#)g.#
#...###
##### #####


You could see Crazy Yiuf (ally target) and a friendly killer bee (summoned).

Vanquished Creatures
  Jessica (D:2)
  2 adders
  An orc (D:3)
  4 ball pythons (D:1)
  5 endoplasms
  4 giant cockroaches
  4 goblins
  4 hobgoblins (D:1)
  4 jackals (D:2)
  5 kobolds (D:1)
  A quokka (D:1)
  5 bats
  A frilled lizard (D:2)
  2 rats (D:1)
43 creatures vanquished.

Notes
Turn   | Place    | Note
-------+----------+-------------------------------------------
     0 | D:5      | shoop the Kobold Delver began the quest for the Orb.
     0 | D:5      | Reached XP level 1. HP: 14/14 MP: 1/1
    79 | D:5      | Noticed an iguana
   227 | D:4      | Noticed a jelly
   231 | D:3      | Noticed an iguana
   426 | D:3      | Found Zuph's Jewellery Emporium.
   431 | D:3      | Reached XP level 2. HP: 19/19 MP: 2/2
   469 | D:3      | Found a sparkling altar of Nemelex Xobeh.
   473 | D:3      | Became a worshipper of Nemelex Xobeh the Trickster
   776 | D:1      | Reached XP level 3. HP: 23/23 MP: 3/3
   946 | D:1      | Reached skill level 5 in Short Blades
  1386 | D:2      | Reached XP level 4. HP: 28/28 MP: 4/4
  1458 | D:2      | Noticed Jessica
  1464 | D:2      | Killed Jessica
  1533 | D:2      | Reached * piety under Nemelex Xobeh
  1664 | D:2      | You fall into a shaft and drop 2 floors!
  1893 | D:2      | Received a gift from Nemelex Xobeh
  2055 | D:2      | Found a runed translucent door.
  2058 | D:2      | Noticed Crazy Yiuf
  2072 | D:2      | Mangled by Crazy Yiuf

Illustrated notes

Levels and vault maps discovered:
D:1:      zaba_arrival_water, layout_rooms, grunt_decor_junction
D:2:      layout_rooms, uniq_crazy_yiuf_cottage, uniq_jessica
D:3:      layout_basic, nemelex_diamond_rough_becter, serial_shops,
          shop_fountains
D:4:      layout_rooms, kennysheep_mini
D:5:      layout_cave_pools, marbit_many_paths, serial_bayou,
          serial_bayou_pond_d, serial_bayou_ford_a, serial_bayou_pond_e,
          serial_bayou_pond_e, dk_noncrumbling_3, minmay_curled_crystal

Skill      XL: |  1  2  3  4 |
---------------+-------------+-----
Short Blades   | 3 4 5 6 |  6.2
Fighting       | |  3.2
Dodging        | |  2.4
Stealth        | |  6.6

Action                   |  1- 3 |  4- 6 || total
-------------------------+-------+-------++-------
Melee: Dagger            |    63 |    43 ||   106
       Short sword       |       |     3 ||     3
Invok: Draw Summoning    |       |     1 ||     1
  Use: Scroll            |     1 |     1 ||     2
 Stab: Sleeping          |    23 |     3 ||    26
Armor: Leather armour    |    11 |     6 ||    17
Dodge: Dodged            |    38 |    27 ||    65
